Map: Heavy Artillery LE

Players

qqq - Winner!

  • Race: Zerg Zerg
  • League: Platinum
  • Spawn Location: 7:00

Massa - Winner!

  • Race: Terran Terran
  • League: Platinum
  • Spawn Location: 7:00

igoryamba

  • Race: Terran Terran
  • League: Diamond
  • Spawn Location: 1:00

Royalwinner

  • Race: Protoss Protoss
  • League: Platinum
  • Spawn Location: 3:00

VOD

Have the link to the VOD?

Description

Time

  • Played on: Dec. 7, 2020, 4:10 p.m.
  • Length: 5:12
Show
View Real Time Build Order
Export as new Build Order

qqq Zerg - Winner!

Build Orders: Hatch First 

Get SALT Encoding   

  12  0:00  Drone  
  13  0:11  Drone  
  14  0:45  Hatchery  
  13  0:53  Spawning Pool  
  12  1:04  Drone  
  12  1:06  Overlord  
  12  1:09  Extractor  
  12  1:19  Drone  
  12  1:20  Drone  
  14  1:35  Drone  
  15  1:44  Queen  
  15  1:46  Drone  
  18  1:59  Drone  
  18  2:01  Drone x2  
  21  2:12  Drone  
  21  2:13  Metabolic Boost  
  22  2:16  Drone  
  23  2:23  Overlord  
  23  2:28  Drone  
  24  2:31  Drone  
  24  2:34  Drone  
  25  2:45  Zergling x2  
  25  2:46  Queen  
  25  2:51  Zergling x2  
  29  2:57  Overlord  
  29  2:58  Zergling x2  
  30  3:00  Zergling x2  
  31  3:08  Zergling x2  
  31  3:09  Zergling x2  
  31  3:12  Overlord  
  33  3:14  Zergling x2  
  33  3:19  Zergling x2  
  35  3:27  Zergling x2  
  35  3:28  Zergling x4  
  35  3:30  Zergling x2  
  39  3:35  Zergling x2  
  40  3:45  Zergling x2  
  40  3:46  Zergling x4  
  43  4:02  Drone, Zergling x6  
  47  4:03  Baneling Nest  
  47  4:05  Zergling x2  
  46  4:20  Zergling x2  
  46  4:21  Zergling x4  
  46  4:22  Zergling x4  
  51  4:39  Drone  
  51  4:41  Hatchery  
Show
View Real Time Build Order
Export as new Build Order

Massa Terran - Winner!

Build Orders:  

Get SALT Encoding   

  12  0:00  SCV  
  13  0:12  SCV  
  14  0:23  Supply Depot  
  14  0:25  Refinery  
  14  0:27  SCV  
  15  0:45  SCV  
  15  0:46  Barracks  
  16  0:57  SCV  
  17  1:09  SCV  
  18  1:22  SCV, Barracks  
  19  1:34  SCV  
  19  1:35  Barracks Tech Lab, Supply Depot  
  20  1:46  Orbital Command  
  20  1:53  Reaper  
  21  1:57  Stimpack  
  21  2:00  Supply Depot  
  21  2:08  Marine  
  22  2:16  Barracks  
  22  2:26  Marauder, Marine  
  25  2:30  Supply Depot  
  25  2:43  SCV  
  25  2:44  Marine  
  26  2:47  Marauder  
  29  3:00  Supply Depot  
  29  3:02  Marine  
  29  3:05  Marine  
  31  3:09  Marauder  
  33  3:15  Supply Depot  
  33  3:19  Marine  
  33  3:23  Marine  
  35  3:30  Marauder  
  37  3:37  Marine  
  37  3:38  Engineering Bay  
  37  3:40  Marine  
  39  3:45  Factory  
  39  3:51  Marauder  
  39  3:55  Marine  
  42  3:58  Marine  
  43  4:13  Marauder, Marine  
  43  4:16  Marine  
  47  4:25  Supply Depot  
  47  4:31  Marine  
  48  4:34  Marauder, Marine  
Show
View Real Time Build Order
Export as new Build Order

igoryamba Terran 

Build Orders:  

Get SALT Encoding   

  12  0:00  SCV  
  13  0:12  SCV  
  14  0:26  SCV  
  14  0:28  Supply Depot  
  15  0:33  Refinery  
  15  0:49  SCV  
  16  0:52  Barracks  
  16  0:58  Supply Depot  
  16  1:01  SCV  
  17  1:14  SCV  
  18  1:24  Supply Depot  
  18  1:26  SCV  
  19  1:46  Command Center  
  19  1:52  Marine  
  20  1:57  Bunker  
  20  2:04  Bunker  
  20  2:18  SCV  
  20  2:21  Refinery  
  21  2:26  Bunker  
  21  2:31  SCV  
  22  2:50  Bunker  
  22  2:51  Marine  
  23  3:03  SCV  
  23  3:04  SCV  
  25  3:08  Marine  
  26  3:13  Factory  
  26  3:15  SCV  
  26  3:16  SCV  
  28  3:26  Marine  
  29  3:36  SCV x2  
  31  3:44  Supply Depot  
  31  3:48  SCV x2  
  33  3:54  Barracks Tech Lab  
  33  3:57  Factory Tech Lab  
  33  4:01  Starport  
  33  4:06  SCV x2  
  33  4:08  Refinery  
  35  4:11  Refinery  
  35  4:18  SCV x2  
  37  4:26  Engineering Bay  
  37  4:30  SCV  
  37  4:31  SCV  
  39  4:39  Siege Tank  
  39  4:43  SCV x2  
Show
View Real Time Build Order
Export as new Build Order

Royalwinner Protoss 

Build Orders: 1 Gate Expand 

Get SALT Encoding   

  12  0:00  Probe (Chrono Boost)  
  13  0:10  Probe (Chrono Boost)  
  14  0:20  Pylon  
  14  0:22  Probe  
  15  0:38  Probe  
  15  0:40  Gateway  
  16  0:50  Probe  
  17  1:02  Probe  
  18  1:20  Nexus  
  18  1:29  Probe (Chrono Boost)  
  18  1:30  Pylon  
  19  1:35  Assimilator  
  19  1:40  Probe (Chrono Boost)  
  19  1:46  Assimilator  
  20  1:54  Gateway  
  20  1:58  Probe  
  21  2:11  Probe  
  22  2:20  Pylon  
  22  2:23  Probe  
  23  2:35  Probe  
  24  2:40  Pylon  
  24  2:47  Probe  
  25  2:53  Probe  
  25  2:54  Cybernetics Core  
  26  2:59  Probe  
  26  3:04  Forge  
  26  3:05  Probe  
  28  3:11  Probe  
  28  3:12  Assimilator  
  29  3:17  Probe  
  30  3:23  Probe  
  31  3:34  Stargate  
  31  3:39  Photon Cannon  
  31  3:41  Pylon  
  31  3:50  Probe x2 (Chrono Boost)  
  33  4:02  Probe x2 (Chrono Boost)  
  35  4:07  Probe (Chrono Boost)  
  36  4:10  Photon Cannon  
  36  4:17  Shield Battery  
  36  4:18  Photon Cannon  
  36  4:20  Phoenix (Chrono Boost)  
  38  4:25  Pylon  
  38  4:27  Probe x2  
  40  4:32  Assimilator  
  40  4:34  Pylon  
  40  4:39  Probe  
  40  4:40  Probe  
  40  4:45  Photon Cannon  
  42  4:47  Shield Battery  
  42  4:51  Probe  
  42  4:52  Probe  
  44  4:53  Photon Cannon  
Tags
 
Add a new tag
Caveats
  • Supply blocks, unpowered buildings, or Contaminate may cause inaccurate times.
  • Supply counts are checked every 10 seconds.